 BcadrenCrawl: Boulder Brew version 0.06-688-g08e91b2d95 (webtiles) character file.

Game seed: 13549747747948317196

5329 Leeroy the Fighter (level 10, -10/133 HPs) Red Draconian Priest. Began on Jan 31, 2023. Was an Elder of Bahamut & Tiamat. Shot with an arrow by a centaur (21 damage) ... on level 5 of the Dungeon. The game lasted 00:28:13 (11315 turns).

Leeroy the Fighter (Red Draconian Priest)          Turns: 11315, Time: 00:28:14

Health: -10/133    AC: 14    Str: 16    XL:     10 ^: 3358
Magic:  22/22      EV: 12    Int: 17    God:    Bahamut & Tiamat [4* [113]]
Gold:   179        SH:  0    Dex: 19    Spells: 26/26 levels left

rFire    + . .     Slash    +     - Unarmed
rCold    x . .     Pierce   x     - Unarmed
rNeg     . . .     Bludgeon .   (armour unavailable)
rCorr    . . .     Vision   .   (helmet restricted)
rPois    .         Gourm    .   (no cloak)
rElec    +         Faith    .   (no gloves)
MR       .....     Spirit   .   F - +0 pair of boots
HPRegen  0.94/turn Reflect  .   E - amulet of Vitality {Regen+ HP+15}
MPRegen  0.32/turn Harm     .   q - ring "Dummisetz" {rElec rC- Str+2 Dex+5 Stlth+}
Stlth    +++.......             H - ring of protection

@: no status effects
A: deformed body 2, INT +4, cold-blooded, boosted maces & staves aptitude, fire
enhancer 1, rF+, draconic flesh, AC +8
a: Breathe Fire, Enhanced Breath, Drake Mount, Renounce Religion


You were on level 5 of the Dungeon.
You worshipped Bahamut & Tiamat.
Bahamut & Tiamat was greatly pleased with you.
You were near starving.

You visited 1 branch of the dungeon, and saw 5 of its levels.
You also visited: Temple.

You collected 179 gold pieces.

Inventory:

Weapons
 m - a +1 dagger of venom
 p - a +1 hatchet of freezing
 s - a +0 dagger of chaos
 B - a +4 quarterstaff of chaos
 M - a +4 trident Shields
 d - a cursed +2 buckler of reflection {(Curse: Int-5)}
Armour
 F - a +0 pair of boots (worn)
Jewellery
 e - a cursed ring of ice {(Curse: *Drain)}
 q - the ring "Dummisetz" (left hand) {rElec rC- Str+2 Dex+5 Stlth+}
   (You took it off a kobold on level 2 of the Dungeon)

   [ring of dexterity]

   It affects your strength (+2).
   It affects your dexterity (+5).
   It makes you vulnerable to cold.
   It insulates you from electricity.
   It makes you more stealthy.
 v - the ring of Orthodoxy {*Tele Dex+4}
   (You took it off a kobold on level 2 of the Dungeon)

   [ring of teleportation]

   It may teleport you next to monsters.
   It affects your dexterity (+4).
 x - a cursed ring of dexterity {(Curse: *Slow)}
 C - an uncursed ring of evasion
 D - a cursed ring of protection {(Curse: MR-)}
 E - the amulet of Vitality (around neck) {Regen+ HP+15}
   (You took it off an orc on level 4 of the Dungeon)

   [amulet of regeneration]

   It affects your health (+15).
   It increases your rate of regeneration.
 G - an uncursed ring of positive energy
 H - a ring of protection (right hand)
Wands
 n - a wand of polymorph (2)
 y - a wand of flame (15)
 z - a wand of enslavement (6)
 A - a wand of random effects (1)
Scrolls
 i - 4 scrolls of teleportation
 k - 2 scrolls of vulnerability
 t - 4 scrolls of magic mapping
 u - a scroll of blinking
 I - a scroll of enchantment
 J - a scroll of holy word
 L - a scroll of immolation
 N - a scroll of bless item
Potions
 b - a potion of agility
 c - a potion of ambrosia
 g - a potion of amnesia
 h - 2 potions of brilliance
 j - 3 potions of might
 l - a potion of magic
 o - 2 potions of haste
 r - 4 potions of mutation
Miscellaneous
 f - 4 empty bottles
Comestibles
 a - 13 rations


   Skills:
 - Level 11.0 Fighting
 - Level 1.5 Dodging
 - Level 1.4 Stealth
 + Level 5.4 Unarmed Combat
 - Level 8.6 Spellcasting
 - Level 10.1 Invocations


You had 26 spell levels left.
You didn't know any spells.
Your spell library was empty.

Dungeon Overview and Level Annotations

Branches:
Dungeon (5/8)              Temple (0/1) D:4            Lair (0/6) D:5

Altars:
Fedhas Madash
Vehumet
Xom
Yredelemnul
Zin
The Shining One


Innate Abilities, Weirdness & Mutations

Your fiery red scales are resilient. (AC +8)
You can breathe puffs of flames, which leave flaming clouds in their wake.
You cannot wear any armour on your peculiar form.
You are cold-blooded and are slowed more easily by cold attacks.
You are naturally skilled at Maces & Staves (Aptitude +3).
You are in touch with the powers of fire.
Your fiery red scales grant you resistance to heat and fire. (rF+)
Your scales resist being cut, but it's oddly easy to stick a small blade between them. (rSlashing+, rPiercing-)
You are very clever. (INT +4)


Message History

The gnoll hits you from afar with a +0 spear (4).
You are perforated ruthlessly!
The centaur wields a +0 shortbow.
The centaur shoots an arrow.
The arrow punctures you (15)!
You are perforated ruthlessly!
The gnoll hits you (3).
The centaur shoots an arrow.
The arrow pokes you (3).
You are perforated ruthlessly!
The gnoll closely misses you.
The gnoll hits you from afar with a +0 spear (6).
You are perforated ruthlessly!
* * * LOW HITPOINT WARNING * * *
You see here a scorpion corpse.
The centaur shoots an arrow.
The arrow punctures you (16)!
You are perforated ruthlessly!
* * * LOW HITPOINT WARNING * * *
The gnoll hits you from afar with a +0 spear (14)!
You are perforated ruthlessly!
* * * LOW HITPOINT WARNING * * *
A bullfrog comes into view.
There is a stone staircase leading up, spattered with blood here.
The centaur shoots an arrow.
The arrow impales you (21)!!
You are perforated ruthlessly!
You die...

################### #
..................# ... .#
#......@........# #..# .#
#......gg..†....# #..# .#
#......g.g......# #..# #####.#
#........oo.....#####...
......####....<.........>........
.............c......o..F.........
.....######....................##
####.# #...#########..#####.# #.#
#...# #..# #.#


You could see an orc warrior, a centaur, a bullfrog (wandering), 4 gnolls and 2
orcs.

Vanquished Creatures
  An elephant (D:5)
  A hippogriff (D:5)
  Grinder (D:3)
  A yak (D:4)
  A basilisk (D:5)
  Edmund (D:3)
  2 water moccasins
  4 scorpions
  2 orc warriors (D:4)
  3 ice beasts (D:4)
  A sky beast (D:4)
  A black bear (D:5)
  5 ogres
  3 crocodiles
  6 big kobolds
  2 howler monkeys
  6 killer bees (D:5)
  A llaibwca (D:3)
  3 jellies (D:2)
  Crazy Yiuf (D:3)
  9 orc priests
  3 hounds
  9 orc wizards
  An iguana (D:4)
  9 worker ants
  A wyvern skeleton (D:4)
  A water moccasin skeleton (D:4)
  6 giant cockroaches
  A boggart skeleton (D:4)
  11 adders
  29 sewer rats
  11 cinder newts
  3 worms
  A bullfrog (D:5)
  A hound skeleton (D:3)
  3 oozes
  2 dart slugs (D:1)
  7 leopard geckos
  32 orcs
  An adder skeleton (D:2)
  An adder zombie (D:5)
  A cinder newt skeleton (D:4)
  5 goblins (D:1)
  7 hobgoblins (D:1)
  2 jackals (D:4)
  A quokka (D:3)
  4 ball pythons
  A ball python skeleton (D:2)
  7 bats
  A hobgoblin skeleton (D:2)
  24 kobolds
  2 quokka skeletons
  A quokka zombie (D:5)
  9 rats (D:1)
  4 withered plants (D:2)
257 creatures vanquished.

Vanquished Creatures (others)
  A giant cockroach (D:2)
  2 adders (D:2)
  A sewer rat (D:2)
  An ooze (D:2)
  A bat (D:2)
  4 kobolds (D:2)
  5 butterflies (D:2)
  A giant blowfly (D:2)
  4 slimeheads (D:2)
  195 withered plants (D:2)
215 creatures vanquished.

Grand Total: 472 creatures vanquished

Notes
Turn   | Place    | Note
-------+----------+-------------------------------------------
     0 | Start Te | Leeroy the Immature Draconian Priest began the quest for
                  | the Orb.
     0 | Start Te | Reached XP level 1. HP: 29/29 MP: 3/3
     0 | Start Te | Found a sparkling altar of Nemelex Xobeh.
     1 | Start Te | Found a basalt altar of Yredelemnul.
     1 | Start Te | Found a white marble altar of Elyvilon.
     2 | Start Te | Found an iron altar of Okawaru.
     3 | Start Te | Found a glowing silver altar of Zin.
     3 | Start Te | Found a blossoming altar of Fedhas.
     4 | Start Te | Found a stormy altar of Qazlal.
     5 | Start Te | Found a glowing golden altar of the Shining One.
     5 | Start Te | Found an opulent altar of Gozag.
     6 | Start Te | Found a sacrificial altar of Ru.
     7 | Start Te | Found an ornate altar of Bahamut and Tiamat.
     7 | Start Te | Found a hazy altar of Hepliaklqana.
    15 | Start Te | Became a worshipper of Bahamut & Tiamat
    15 | Start Te | Reached * piety under Bahamut & Tiamat
    15 | Start Te | Reached ** piety under Bahamut & Tiamat
    82 | D:1      | Reached XP level 2. HP: 39/39 MP: 5/5
    90 | D:1      | Reached skill level 5 in Invocations
   178 | D:1      | Reached XP level 3. HP: 40/49 MP: 6/6
   577 | D:1      | Reached XP level 4. HP: 54/59 MP: 8/8
   666 | D:1      | Reached *** piety under Bahamut & Tiamat
  1449 | D:2      | Reached XP level 5. HP: 63/69 MP: 8/10
  1637 | D:2      | HP: 3/69 [poisoned by a big kobold]
  2175 | D:2      | Noticed a water moccasin
  2181 | D:2      | Killed a water moccasin
  2181 | D:2      | Reached XP level 6. HP: 36/79 MP: 6/12
  2565 | D:2      | Identified the ring "Dummisetz" {rElec rC- Str+2 Dex+5
                  | Stlth+}
  2762 | D:2      | Reached **** piety under Bahamut & Tiamat
  2787 | D:2      | Your scales start taking on a fiery red colour.
  2787 | D:2      | Reached XP level 7. HP: 13/89 MP: 13/13
  2787 | D:2      | Gained mutation: Your fiery red scales grant you resistance
                  | to heat and fire. (rF+) [Red Draconian growth]
  2787 | D:2      | Gained mutation: You are in touch with the powers of fire.
                  | [Red Draconian growth]
  3275 | D:2      | Found a glowing golden altar of the Shining One.
  3693 | D:2      | Reached skill level 1 in Fighting
  3736 | D:2      | Found a radiant altar of Vehumet.
  3930 | D:2      | Identified the ring of Orthodoxy {*Tele Dex+4}
  3960 | D:2      | Reached skill level 2 in Fighting
  3965 | D:2      | Reached skill level 3 in Fighting
  4005 | D:2      | Reached skill level 4 in Fighting
  4187 | D:2      | Reached skill level 5 in Fighting
  4430 | D:2      | Reached XP level 8. HP: 75/99 MP: 15/15
  4783 | D:2      | Reached skill level 6 in Fighting
  5192 | D:3      | Reached skill level 7 in Fighting
  5538 | D:3      | Reached skill level 8 in Fighting
  5617 | D:3      | Noticed Grinder
  5650 | D:3      | Killed Grinder
  5718 | D:3      | Reached skill level 9 in Fighting
  6004 | D:3      | Noticed Edmund
  6049 | D:2      | Reached skill level 10 in Fighting
  6617 | D:3      | Killed Edmund
  6617 | D:3      | Reached XP level 9. HP: 97/108 MP: 16/16
  6884 | D:3      | Found a runed translucent door.
  6885 | D:3      | Noticed Crazy Yiuf
  7007 | D:3      | Killed Crazy Yiuf
  7224 | D:4      | Reached skill level 1 in Spellcasting
  7437 | D:4      | Reached skill level 10 in Invocations
  7772 | D:4      | Found a blossoming altar of Fedhas.
  7807 | D:4      | Reached skill level 5 in Spellcasting
  7975 | D:4      | Noticed an angel
  7976 | D:4      | Found a glowing silver altar of Zin.
  7976 | D:4      | Found a shimmering altar of Xom.
  8032 | D:4      | Reached ***** piety under Bahamut & Tiamat
  8065 | D:4      | Found a basalt altar of Yredelemnul.
  8694 | D:4      | Found a staircase to the Ecumenical Temple.
  9440 | D:5      | Entered Level 5 of the Dungeon
  9459 | D:5      | Gained mutation: You are naturally skilled at Maces &
                  | Staves (Aptitude +3). [draconic bloodline]
  9459 | D:5      | Reached XP level 10. HP: 67/118 MP: 22/22
  9860 | D:5      | Reached skill level 11 in Fighting
  9997 | D:5      | Found a staircase to the Lair.
 10458 | D:5      | HP: 5/118 [orc priest/divine providence (7)]
 10944 | D:5      | Noticed a seven-headed hydra
 10963 | D:5      | HP: 3/133 [seven-headed hydra (9)]
 11217 | D:5      | Reached skill level 5 in Unarmed Combat
 11315 | D:5      | Shot with an arrow by a centaur

Illustrated notes

Levels and vault maps discovered:
D:1:      psy_arrival_conway, layout_basic, portal_sewer_entry_b
D:2:      layout_sewer, fiery_altar_vehumet, nicolae_tso_carved_into_rock,
          first_ration, kennysheep_generic_room_11
D:3:      layout_cave_pods, blue_anna_alchemist [blue_anna_fruit_fields,
          blue_anna_fruit_fields], minivault_25, uniq_crazy_yiuf_cottage,
          uniq_grinder, uniq_edmund
D:4:      kennysheep_big_flooded_room, layout_gridville,
          bcadren_lemuel_inverted_doored_altar,
          grunt_temple_overflow_order_and_chaos_1,
          minmay_temple_entry_from_below_a, basic_altar, glass_columns_c,
          serial_bayou_pond_d
D:5:      layout_small_grid, gammafunk_temple_overflow_statue,
          david_lair_generic

Skill      XL: |  1  2  3  4  5  6  7  8  9 10 |
---------------+-------------------------------+-----
Invocations    | 5 6 8 9 10 | 10.1
Fighting       | 5 10 11 | 11.0
Spellcasting   | 8 |  8.6
Unarmed Combat | 5 |  5.4
Dodging        | |  1.5
Stealth        | |  1.4

Action                   |  1- 3 |  4- 6 |  7- 9 | 10-12 || total
-------------------------+-------+-------+-------+-------++-------
Melee: Unarmed           |    94 |   285 |  1177 |   329 ||  1885
       Peck              |     5 |    34 |   153 |    53 ||   245
       Dagger            |       |    98 |   130 |       ||   228
Throw: Rusty metal       |       |       |     1 |       ||     1
       Bone              |       |       |     1 |       ||     1
       Stone             |       |       |       |     2 ||     2
Invok: Choose Bahamut's  |       |     1 |       |       ||     1
       Enhanced Breath   |       |     2 |       |       ||     2
       Choose Bahamut's  |       |     1 |       |       ||     1
       Drake Mount       |       |       |     3 |     1 ||     4
       Choose Bahamut's  |       |       |     1 |       ||     1
 Abil: Breathe Fire      |       |       |    16 |     9 ||    25
  Use: Potion            |     1 |     1 |     2 |     1 ||     5
       Scroll            |       |       |     1 |     1 ||     2
 Stab: Sleeping          |     3 |     4 |    13 |     1 ||    21
       Distracted        |       |       |     1 |       ||     1
  Eat: Chunk             |       |     7 |    27 |     6 ||    40
Armor: Skin              |    22 |    54 |   147 |    53 ||   276
Dodge: Dodged            |     8 |    58 |   156 |    44 ||   266
